 Dungeon Crawl Stone Soup version 0.19-a0-49-gb8736b8 (webtiles) character file.

476 mrath the Cudgeler (level 6, -2/52 HPs)
             Began as a Minotaur Fighter on May 7, 2016.
             Killed from afar by an orc wizard (10 damage)
             ... with a puff of flame
             ... on level 4 of the Dungeon.
             The game lasted 00:16:31 (3562 turns).

mrath the Cudgeler (Minotaur Fighter)               Turns: 3562, Time: 00:16:32

Health: -2/52      AC: 11    Str: 22    XL:     6   Next: 84%
Magic:  5/5        EV:  6    Int:  5    God:
Gold:   266        SH:  9    Dex: 10    Spells: 0 memorised, 5 levels left

rFire  . . .     SeeInvis .     a - +0 flail
rCold  . . .     Gourm    .     o - +0 chain mail
rNeg   . . .     Faith    .     c - +0 shield
rPois  .         Spirit   .     (helmet restricted)
rElec  .         Dismiss  .     E - +0 cloak (curse)
rCorr  .         Reflect  .     (no gloves)
SustAt .         Harm     .     i - +0 pair of boots
MR     .....                    (no amulet)
Stlth  ..........               (no ring)
                                (no ring)

@: not resistant to hostile enchantments, extremely unstealthy
A: retaliatory headbutt, horns 2
a: no special abilities


You were on level 4 of the Dungeon.
You were hungry.

You visited 1 branch of the dungeon, and saw 4 of its levels.

You collected 266 gold pieces.

Inventory:

Hand Weapons
 a - a +0 flail (weapon)
 l - a +0 hunting sling
Missiles
 e - 78 stones
 m - 62 sling bullets
 q - 2 silver tomahawks
 C - 6 tomahawks (quivered)
Armour
 c - a +0 shield (worn)
 i - a +0 pair of boots (worn)
 o - a +0 chain mail (worn)
 E - a cursed +0 cloak (worn)
Jewellery
 d - a +3 ring of intelligence {unknown}
 t - a cursed amulet of inaccuracy {unknown}
 B - a +3 ring of intelligence {unknown}
 K - a ring of the Octopus King {rC+ AC+1 EV+1 Str+1 Int+1 Dex+1, unknown}
   (You found it on level 4 of the Dungeon)

   [ring of protection from cold]

   It affects your AC (+1).
   It affects your evasion (+1).
   It affects your strength (+1).
   It affects your intelligence (+1).
   It affects your dexterity (+1).
   It protects you from cold.
Wands
 I - a wand of iceblast (4/15)
 J - a wand of iceblast (6/15)
 L - a wand of polymorph (17/24)
Scrolls
 g - 3 scrolls of remove curse {unknown}
 k - 2 scrolls of teleportation {unknown}
 p - a scroll of recharging {unknown}
 r - 2 scrolls of enchant armour {unknown}
 u - 2 scrolls of identify {unknown}
 y - a scroll of fear {unknown}
 D - a scroll of blinking {unknown}
Potions
 b - 2 potions of might
 h - 2 potions of curing
 n - a potion of lignification {unknown}
 s - a potion of haste {unknown}
 v - a potion of brilliance {unknown}
 x - a potion of mutation {unknown}
 z - a potion of degeneration {unknown}
 A - a potion of ambrosia {unknown}
 G - a potion of berserk rage {unknown}
 H - a potion of agility {unknown}
Comestibles
 f - 4 bread rations
 j - 3 beef jerkies
 w - a meat ration
 F - a chunk of flesh


   Skills:
 + Level 4.1 Fighting
 + Level 7.5 Maces & Flails
 + Level 1.1 Throwing
 + Level 4.3 Armour
 + Level 1.2 Dodging
 + Level 4.3 Shields
 + Level 0.5 Evocations


You had 5 spell levels left.
You didn't know any spells.

Dungeon Overview and Level Annotations

Branches:
Dungeon (4/15)
 Temple: D:4-7

Altars:
Cheibriados
Ru
Zin

Annotations:
D:4 Eustachio


Innate Abilities, Weirdness & Mutations

You reflexively headbutt those who attack you in melee.
You have a pair of horns on your head.


Message History

You hear some strange, mumbled words.
A puff of flame appears from out of thin air!
The puff of flame misses you.
The orc priest invokes the aid of Beogh against you.
Beogh smites you!
* * * LOW HITPOINT WARNING * * *
Drink which item? (? for menu, Esc to quit)
It was a potion of curing.
You feel better.
Some of the chunks of flesh in your inventory have rotted away.
You hear some strange, mumbled words.
You are feeling hungry.
Something hits you but does no damage.
You hear some strange, mumbled words.
A puff of flame appears from out of thin air!
The puff of flame hits you!
* * * LOW HITPOINT WARNING * * *
You hear some strange, mumbled words.
A puff of flame appears from out of thin air!
The puff of flame hits you!
You die...

#....####.#
#.......ro#
#...o######
#####..##
#.....r#
#......#
#......#
#......#
#.###.@#
#......#
#########.#
#.........#
#.#####.#.......
#..<..#......#
#.#.#.#......#
#.#.#.#......#
#.#.#.#......#


You could see an orc priest and a quokka.

Vanquished Creatures
  Sigmund (D:2)
  2 orc wizards (D:4)
  2 hounds (D:4)
  Terence (D:2)
  3 worker ants (D:4)
  2 adders
  An adder zombie (D:1)
  4 worms
  A dart slug (D:1)
  A giant gecko (D:2)
  14 orcs
  2 bats
  A bat zombie (D:1)
  5 giant cockroaches
  6 hobgoblins
  2 jackals (D:2)
  4 kobolds
  A quokka (D:3)
  A ball python (D:2)
  5 giant newts
  6 goblins
  5 rats
70 creatures vanquished.

Notes
Turn   | Place    | Note
--------------------------------------------------------------
     0 | D:1      | mrath the Minotaur Fighter began the quest for the Orb.
     0 | D:1      | Reached XP level 1. HP: 19/19 MP: 0/0
    26 | D:1      | Reached skill level 3 in Maces & Flails
   114 | D:1      | Reached XP level 2. HP: 26/26 MP: 1/1
   606 | D:1      | Reached skill level 4 in Maces & Flails
  1087 | D:2      | Reached XP level 3. HP: 25/31 MP: 2/2
  1371 | D:2      | Noticed Terence
  1372 | D:2      | Found a snail-covered altar of Cheibriados.
  1385 | D:2      | Killed Terence
  1385 | D:2      | Reached skill level 5 in Maces & Flails
  1425 | D:2      | Noticed Sigmund
  1433 | D:2      | Killed Sigmund
  1433 | D:2      | Reached skill level 7 in Maces & Flails
  1433 | D:2      | Reached XP level 4. HP: 36/39 MP: 3/3
  1433 | D:2      | Reached XP level 5. HP: 42/45 MP: 4/4
  1881 | D:2      | Found a glowing silver altar of Zin.
  2595 | D:3      | Reached XP level 6. HP: 49/52 MP: 5/5
  3311 | D:4      | Found a sacrificial altar of Ru.
  3321 | D:4      | Reached skill level 1 in Dodging
  3480 | D:4      | Got a ring of the Octopus King
  3499 | D:4      | Reached skill level 1 in Throwing
  3527 | D:4      | Noticed Eustachio
  3547 | D:4      | HP: 2/52 [orc priest/divine providence (10)]
  3562 | D:4      | Killed from afar by an orc wizard

Vault maps used:
D:1:      saegor_arrival_fortress
D:2:      cheibriados_altar_1, zin_treasury, uniq_terence, uniq_sigmund
D:3:      first_bread
D:4:      old_standard_altar, kennysheep_okawaru_gauntlet, uniq_eustachio

Skill      XL: |  1  2  3  4  5  6 |
---------------+-------------------+-----
Maces & Flails | 3 4 7 |  7.5
Shields        | 4 |  4.3
Armour         | 4 |  4.3
Dodging        | 1 |  1.2
Fighting       | 4 |  4.1
Throwing       | 1 |  1.1
Evocations     | |  0.5

Action                   |  1- 3 |  4- 6 || total
-------------------------+-------+-------++-------
Melee: Flail             |    73 |   133 ||   206
       Headbutt          |    15 |    28 ||    43
Throw: Stone             |     2 |       ||     2
       Tomahawk          |     2 |       ||     2
  Use: Potion            |     1 |     1 ||     2
  Eat: Chunk             |     2 |     6 ||     8
Armor: Scale mail        |    12 |       ||    12
       Chain mail        |    20 |    47 ||    67
Dodge: Dodged            |    13 |    30 ||    43
Block: Shield            |    39 |    74 ||   113
